 Dungeon Crawl Stone Soup version 0.31-a0-654-gbe3e110b4e (webtiles) character file.

Game seed: 10794603938229736445

88 Dirtsage the Changeling (level 4, -1/28 HPs)
             Began as an Octopode Shapeshifter on Aug 30, 2023.
             Slain by a gnoll
             ... wielding a +0 whip
              (7 damage)
             ... on level 3 of the Dungeon.
             The game lasted 00:02:17 (1653 turns).

Dirtsage the Changeling (Octopode Shapeshifter)     Turns: 1653, Time: 00:02:17

Health: -1/28      AC:  1    Str: 15    XL:     4   Next: 53%
Magic:  4/4        EV: 13    Int: 12    God:
Gold:   112        SH:  0    Dex: 11    Spells: 3/3 levels left

rFire   . .          .
                       - Unarmed
rCold   . . .        (no shield)
rNeg    + . .        (helmet currently unavailable)
rPois   .            j - amulet of regeneration
rElec   .            N - ring of positive energy
rCorr   .            (no ring)
SInv    .            (no ring)
Will    .....        (no ring)
Stlth   ++           (no ring)
HPRegen 1.04/turn    (no ring)
MPRegen 0.09/turn    (no ring)
                     (no ring)

%: no passive effects
@: beast-form
A: beast (slay +2), almost no armour, amphibious, 8 rings, camouflage 1,
gelatinous body 1, (nimble swimmer 1), tentacles
a: Begin Untransformation


You were on level 3 of the Dungeon.
You were a hulking beast.
You visited 1 branch of the dungeon, and saw 3 of its levels.

You collected 112 gold pieces.

Inventory:

Magical Staves
 k - a staff of cold
Jewellery
 j - an amulet of regeneration (around mantle)
 N - a ring of positive energy (left tentacle)
Talismans
 b - a beast talisman (active)
 c - a flux talisman
Scrolls
 d - a scroll of acquirement {unknown}
 e - a scroll of fog {unknown}
 f - a scroll of brand weapon {unknown}
 g - a scroll of revelation {unknown}
 h - a scroll of identify {unknown}
 i - a scroll of fear {unknown}
 n - a scroll of teleportation {unknown}
 p - a scroll of immolation {unknown}
Potions
 a - a potion of lignification
 l - 2 potions of might {unknown}
 m - a potion of heal wounds {unknown}
 o - a potion of curing {unknown}


   Skills:
 - Level 1.0 Fighting
 - Level 2.0 Dodging
 + Level 3.8 Unarmed Combat
 * Level 4.3 Shapeshifting


You had 3 spell levels left.
You didn't know any spells.
Your spell library contained the following spells:

 Spells                   Type           Power      Damage    Failure   Level
 Magic Dart               Conj           0%         1d3       32%         1
 Searing Ray              Conj           0%         2d4       45%         2
 Call Canine Familiar     Summ           0%         N/A       69%         3
 Portal Projectile        Hex/Tloc       0%         N/A       69%         3
 Fulminant Prism          Conj/Hex       0%         3d5       97%         4
 Leda's Liquefaction      Hex/Erth       0%         N/A       97%         4


Dungeon Overview and Level Annotations

Branches:
Dungeon (3/15)

Altars:


Innate Abilities, Weirdness & Mutations

You are a hulking beast.
Your limbs bulge with bestial killing power. (Slay +2)
You cannot wear most types of armour.
You are amphibious.
You can wear up to eight rings at the same time.
Your skin changes colour to match your surroundings (Stealth+).
Your rubbery body absorbs attacks. (AC +1, EV +1)
((You are camouflaged when in or above water. (Stealth+)))
You have tentacles for arms and can constrict up to eight enemies at once.


Message History

The gnoll is lightly wounded.
You constrict the gnoll. The gnoll hits you with a +0 whip!
You take 9 damage, and have 19/28 hp.
MASSIVE DAMAGE!!
You tentacle-slap the gnoll but do no damage.
You squeeze the gnoll.
The gnoll is severely wounded.
You constrict the gnoll, but do no damage.
The gnoll hits you with a +0 whip.
You take 2 damage, and have 17/28 hp.
You tentacle-slap the gnoll but do no damage.
The gnoll is severely wounded.
You constrict the gnoll. The gnoll closely misses you.
You tentacle-slap the gnoll.
You kill the gnoll!
You tentacle-slap the frilled lizard.
You kill the frilled lizard!
You barely miss the goblin. You grab the goblin. You constrict the goblin.
The goblin hits you with a +0 dagger.
You take 3 damage, and have 17/28 hp.
You tentacle-slap the goblin.
You kill the goblin!
You completely miss the gnoll. Your grab misses the gnoll.
The gnoll hits you with a +0 whip!
You take 6 damage, and have 11/28 hp.
MASSIVE DAMAGE!!
You barely miss the gnoll. You grab the gnoll. You constrict the gnoll.
The gnoll hits you with a +0 whip.
* * * LOW HITPOINT WARNING * * *
You take 5 damage, and have 6/28 hp.
You tentacle-slap the gnoll.
The gnoll is moderately wounded.
You constrict the gnoll. The gnoll hits you with a +0 whip.
* * * LOW HITPOINT WARNING * * *
You take 2 damage, and have 4/28 hp.
You tentacle-slap the gnoll.
The gnoll is severely wounded.
You constrict the gnoll.
You tentacle-slap the gnoll but do no damage.
The gnoll is almost dead.
You constrict the gnoll. The gnoll hits you with a +0 whip!
You die...

....<............#
..............##..#
..........##### #.#
.........# .#
###.....# # #.....#
. #.....# ...
##.....###.....
#......†....hg_....!
#........######.....
#.......## ..#
#.###..## # # ..#
.## ##


You could see a gnoll.

Vanquished Creatures
  2 gnolls (D:3)
  2 adders (D:2)
  A worm (D:2)
  A dart slug (D:3)
  4 orcs (D:3)
  6 bats
  2 endoplasms (D:1)
  A giant cockroach (D:2)
  4 goblins
  2 hobgoblins (D:2)
  4 jackals (D:1)
  5 ball pythons
  6 frilled lizards
  A kobold (D:1)
  3 rats
44 creatures vanquished.

Notes
Turn   | Place    | Note
-------+----------+-------------------------------------------
     0 | D:1      | Dirtsage the Octopode Shapeshifter began the quest for the
                  | Orb.
     0 | D:1      | Reached XP level 1. HP: 13/13 MP: 1/1
   462 | D:1      | Reached XP level 2. HP: 17/18 MP: 2/2
  1181 | D:2      | Reached XP level 3. HP: 22/23 MP: 3/3
  1498 | D:2      | Reached skill level 4 in Shapeshifting
  1577 | D:3      | Reached XP level 4. HP: 24/28 MP: 4/4
  1625 | D:3      | Found a faded altar of an unknown god.
  1653 | D:3      | Slain by a gnoll

Illustrated notes

Levels and vault maps discovered:
D:1:      dpeg_arrival_simpleton_a, layout_loops_corners, serial_forest,
          infiniplex_forest_zigzag_1, infiniplex_forest_end_2,
          infiniplex_forest_straight_2, infiniplex_forest_corner_1,
          infiniplex_forest_end_2, infiniplex_forest_corner_1,
          infiniplex_forest_end_2
D:2:      layout_basic, st_stairs_13, serial_bayou_pond_e
D:3:      layout_basic, shapermc_ecumenical_altar_mp_highgroup, uniq_grinder

Skill      XL: |  1  2  3 |
---------------+----------+-----
Shapeshifting  | 4 |  4.3
Fighting       | |  1.0
Dodging        | |  2.0
Unarmed Combat | |  3.8

Action                     |  1- 3 |  4- 6 || total
---------------------------+-------+-------++-------
  Melee: Unarmed           |    63 |    22 ||    85
         Constrict         |    14 |     8 ||    22
         Tentacles         |    12 |     6 ||    18
         Punch             |     1 |       ||     1
   Stab: Sleeping          |     8 |       ||     8
 Armour: Skin              |     5 |       ||     5
  Dodge: Dodged            |    36 |     3 ||    39

Table legend: (Time is in decaauts)
 A = Elapsed time spent in this place.
 B = Non-inter-level travel time spent in this place.
 C = Inter-level travel time spent in this place.
 D = Time resting spent in this place.
 E = Time spent auto-exploring this place.
 F = Levels seen in this place.
 G = Mean time per level.
                   A        B        C        D        E       F      G
               +--------+--------+--------+--------+--------+-----+--------+
         Total |   1646 |   1601 |     45 |      7 |   1314 |   3 |  548.7 |
       Dungeon |   1646 |   1601 |     45 |      7 |   1314 |   3 |  548.7 |
               +--------+--------+--------+--------+--------+-----+--------+

Top non-repeatable levels by time:
     D:1: 1149 daAuts
     D:2: 362 daAuts
     D:3: 133 daAuts
